 Dungeon Crawl Stone Soup version 0.31.0-12-g77e489cdc1 (webtiles) character file.

Game seed: 11307980118450152778

121706 Chiseanne the Fighter (level 16, -10/142 HPs)
             Began as a Demonspawn Wanderer on Feb 10, 2024.
             Was an Initiate of Gozag.
             Killed by angry trees
             ... awakened by a spriggan druid
              (13 damage)
             ... on level 1 of the Swamp on Feb 14, 2024.
             The game lasted 01:52:05 (31556 turns).

Chiseanne the Fighter (Demonspawn Wanderer)        Turns: 31556, Time: 01:52:05

Health: -10/142    AC: 25    Str: 16    XL:     16   Next: 33%
Magic:  0/24       EV: 34    Int: 13    God:    Gozag
Gold:   838        SH:  8    Dex: 17    Spells: 26/26 levels left

rFire   + + .        a - +2 double sword (protect)
rCold   . . .        r - +1 buckler
rNeg    . . .        R - +1 chain mail {rPois}
rPois   +            (helmet unavailable)
rElec   .            G - +2 cloak
rCorr   .            C - +1 pair of gloves
SInv    .            W - +1 pair of boots {Fly}
Will    ++...        X - amulet of the acrobat Stlth
                     l - +5 ring of evasion
HPRegen 0.43/turn    q - ring "Xaylauxi" {rF++ Will+ Slay+2}
MPRegen 0.38/turn

%: acrobat, guardian spirit
@: gold aura, on berserk cooldown, acrobatic, flying, slowed, very slow
A: horns 3, rugged brown scales 3, demonic guardian 2, magic shield, magic
regeneration, magic link
a: Renounce Religion, Potion Petition, Call Merchant, Bribe Branch


You were on level 1 of the Swamp.
You worshipped Gozag.
Gozag was pleased with you.
You visited 5 branches of the dungeon, and saw 25 of its levels.

You collected 8335 gold pieces.
You spent 2466 gold pieces at shops.
You paid 5031 gold pieces to Gozag.

Inventory:

Hand Weapons
 a - a +2 double sword of protection (weapon)
 s - a +3 flail of electrocution
Missiles
 e - 2 throwing nets
 j - 6 darts of dispersal
 m - 27 boomerangs
 z - 4 silver javelins
 D - 10 curare-tipped darts (quivered)
Armour
 r - a +1 buckler (worn)
 C - a +1 pair of gloves (worn)
 G - a +2 cloak (worn)
 L - the +0 chain mail "Jaepee" {rN++ Regen+ rCorr Dex-3}
   (You bought it in a shop on level 10 of the Dungeon)

   Dex-3:     It affects your dexterity (-3).
   rN++:      It greatly protects you from negative energy.
   Regen+:    It increases your rate of health regeneration.
   rCorr:     It protects you from acid and corrosion.
 R - a +1 chain mail of poison resistance (worn)
 W - a +1 pair of boots of flying (worn)
Jewellery
 g - a ring of resist corrosion
 l - a +5 ring of evasion (left hand)
 o - a ring of protection from cold
 q - the ring "Xaylauxi" (right hand) {rF++ Will+ Slay+2}
   (You found it on level 7 of the Dungeon)

   [ring of willpower]

   Slay+2:    It affects your accuracy & damage with ranged weapons and melee
   (+2).
   rF++:      It greatly protects you from fire.
   Will+:     It increases your willpower.
 X - an amulet of the acrobat (around neck)
Wands
 t - a wand of flame (13)
 v - a wand of roots (8)
 x - a wand of polymorph (4)
 K - a wand of acid (13)
 Y - a wand of mindburst (7)
Scrolls
 B - 16 scrolls of identify
 O - 10 scrolls of teleportation
 U - 3 scrolls of revelation
Potions
 w - 2 potions of lignification
 H - 6 potions of curing
Miscellaneous
 c - a sack of spiders (inert)
 h - a phantom mirror
 y - a phial of floods


   Skills:
 * Level 14.3 Fighting
 - Level 1.0 Long Blades
 - Level 2.6 Staves
 * Level 13.5 Armour
 * Level 13.2 Dodging
 - Level 1.0 Stealth
 - Level 12.1 Shields
 * Level 5.9 Spellcasting
 - Level 10.0 Evocations


You had 26 spell levels left.
You didn't know any spells.
Your spell library contained the following spells:

 Spells                   Type           Power      Damage    Failure   Level
 Apportation              Tloc           6%         N/A       78%         1
 Necrotise                Necr           12%        1d4       78%         1
 Call Imp                 Summ           6%         N/A       89%         2
 Jinxbite                 Hex            6%         N/A       89%         2
 Lesser Beckoning         Tloc           6%         N/A       89%         2
 Scorch                   Fire           6%         2d5       89%         2
 Static Discharge         Conj/Air       6%         3-4/arc   89%         2
 Sublimation of Blood     Necr           3%         N/A       89%         2
 Call Canine Familiar     Summ           3%         N/A       98%         3
 Gell's Gravitas          Tloc           3%         N/A       98%         3
 Sigil of Binding         Hex            3%         N/A       98%         3
 Summon Ice Beast         Ice/Summ       3%         N/A       98%         3
 Teleport Other           Tloc           3%         N/A       98%         3
 Tukima's Dance           Hex            3%         N/A       98%         3
 Vampiric Draining        Necr           3%         2d6       98%         3
 Airstrike                Air            1%         2d(1-17)  100%        4
 Anguish                  Hex/Necr       1%         N/A       100%        4
 Cause Fear               Hex            1%         N/A       100%        4
 Dimensional Bullseye     Hex/Tloc       1%         N/A       100%        4
 Flame Wave               Conj/Fire      3%         2d5       100%        4
 Iskenderun's Mystic Bla  Conj/Tloc      3%         2d3       100%        4
 Martyr's Knell           Necr/Summ      3%         N/A       100%        4
 Olgreb's Toxic Radiance  Alch           3%         N/A       100%        4
 Summon Lightning Spire   Summ/Air       3%         N/A       100%        4
 Alistair's Intoxication  Alch           2%         N/A       100%        5
 Curse of Agony           Necr           3%         N/A       100%        5
 Summon Mana Viper        Hex/Summ       3%         N/A       100%        5
 Dispersal                Tloc           1%         N/A       100%        6
 Summon Cactus Giant      Summ           1%         N/A       100%        6
 Enfeeble                 Hex            1%         N/A       100%        7
 Haunt                    Necr/Summ      1%         N/A       100%        7
 Malign Gateway           Summ/Tloc      1%         N/A       100%        7
 Monstrous Menagerie      Summ           1%         N/A       100%        7
 Ozocubu's Refrigeration  Ice            1%         4d7       100%        7
 Summon Hydra             Summ           1%         N/A       100%        7
 Discord                  Hex            1%         N/A       100%        8
 Infestation              Necr           1%         N/A       100%        8
 Summon Horrible Things   Summ           1%         N/A       100%        8
 Animate Dead             Necr           Unusable   N/A       N/A         4

Dungeon Overview and Level Annotations

Branches:
Dungeon (15/15)            Temple (1/1) D:5            Lair (5/5) D:11
  Swamp (2/4) Lair:3        Snake (0/4) Lair:3        Slime (0/5) Lair:5
    Orc (2/2) D:9             Elf (0/3) Orc:2        Vaults (0/5) D:14
 Depths (0/4) D:15

Altars:
Ashenzari
Cheibriados
Dithmenos
Fedhas
Gozag
Hepliaklqana
Kikubaaqudgha
Makhleb
Nemelex Xobeh
Okawaru
Qazlal
Ru
Sif Muna
Trog
Uskayaw
Vehumet
Wu Jian
Xom
Yredelemnul
Jiyva

Shops:
D:1 *   D:10 ([   D:11 [*   D:12 *   D:15 =   Orc:2 ?(?=(

Annotations:
D:12 3 runed translucent doors, lis82's ghost, journeyman DgIE
Lair:5 exclusion: 3 oklob plants
Orc:2 exclusion: upstairs


Innate Abilities, Weirdness & Mutations

You have a pair of large horns on your head.
You are completely covered in rugged brown scales. (AC +3, +7% HP)
A demonic guardian rushes to your aid.
When hurt, damage is shared between your health and your magic reserves.
You regenerate magic rapidly.
When low on magic, you restore magic in place of health.


Message History

* * * LOW HITPOINT WARNING * * *
Your ice devil splashes around in the water.
The spriggan druid closely misses you. The fenstrider witch misses you.
The fenstrider witch barely misses you.
Your ice devil hits the fenstrider witch.
Your ice devil freezes the fenstrider witch!!
The fenstrider witch dies!
The spriggan druid hits you but does no damage.
You barely miss the spriggan druid.
Your headbutt misses the spriggan druid.
You feel sick.
You are no longer poisoned.
A root smacks your ice devil from below!
Your ice devil dies!
Your ice devil disappears in a puff of smoke!
The spriggan druid points at you and mumbles some strange words.
The stone arrow misses you. The spriggan druid misses you.
You feel better.
The spriggan druid casts a spell at you.
The stone arrow misses you. The spriggan druid closely misses you.
You completely miss the spriggan druid. You headbutt the spriggan druid!
The spriggan druid is moderately wounded.
The spriggan druid hits you with a +0 quarterstaff!
* * * LOW HITPOINT WARNING * * *
The spriggan druid hits you but does no damage.
You miss the spriggan druid.
The spriggan druid is moderately wounded.
The spriggan druid barely misses you.
The spriggan druid hits you but does no damage.
You miss the spriggan druid. You headbutt the spriggan druid!
The spriggan druid is severely wounded.
You feel roots moving beneath the ground.
The spriggan druid hits you with a +0 quarterstaff.
* * * LOW HITPOINT WARNING * * *
A demonic guardian appears!
The spriggan druid hits you with a +0 quarterstaff!
* * * LOW HITPOINT WARNING * * *
You swap places.
You are hit by a branch!
You die...
Your body crumbles into a pile of gold.

♣♣ ♣.~~~.~~~....~~~....~~~~~♣♣
.♣♣♣♣~~~~..~~~...~~~...~~§~..~♣
~..~♣~.~~..♣....~~~.~~.~~~~..~♣
~~.~..~~~~♣♣♣~~.~~~~~~~~~~~..♣♣
~~~~.♣~~~...♣.~~~~§~~~~~~~~.~♣
..♣♣♣♣.~~.~..♣♣♣.~<~~~~~~~~.~♣♣
..♣~♣♣...~~~..♣♣♣~[)^~~~~~....♣
~.§..♣>.~§...~♣♣♣♣~~~.~~~~~~~.♣
.....♣..(.~~..~.@~~~~.~~~~~~~.♣
....♣♣.~♣♣~~...$3.....~~.)~~.♣♣
.~♣♣♣♣♣♣♣♣♣♣~..i......~~~....♣
.♣♣ ♣♣>.........~.....♣♣ .♣
♣♣♣♣♣♣♣...~♣~.~♣♣.....♣ .♣
♣♣♣♣.♣♣.♣♣♣♣...♣♣.~~.~~..♣ .♣
♣♣♣~♣.§~...♣♣~~~.♣.~.~.~~~.♣♣
.♣♣♣.........♣♣.~~~.♣.~..~~~~~~♣♣
.♣♣~.........~♣..~~.~....~~~~~..♣


You could see a spriggan druid (ally target) and a friendly sixfirhy (summoned).

Vanquished Creatures
  Rupert (Orc:1)
  Gastronok (Lair:2)
  A thorn hunter (Swamp:1)
  An eleionoma (Swamp:1)
  2 dire elephants (Lair:5)
  Josephine (Lair:3)
  8 hydras
  2 vault guards (D:14)
  6 centaur warriors
  2 alligators (Lair:3)
  2 ghost crabs (Lair:3)
  5 two-headed ogres
  2 boulder beetles
  A tengu warrior (D:15)
  Urug (D:11)
  Sonja (D:13)
  An orc high priest (Orc:1)
  A spectral death yak (Lair:5)
  7 skeletal warriors
  A goliath frog (Lair:3)
  2 spriggan druids (Swamp:1)
  3 swamp dragons
  3 orc knights (Orc:2)
  Pikel (D:7)
  A necromancer (Lair:5)
  A deep elf pyromancer (D:11)
  3 manticores
  17 elephants
  17 ugly things
  A will-o-the-wisp (Swamp:1)
  Maurice (Orc:2)
  2 orc sorcerers
  4 cyclopes
  3 kobold blastminers (Orc:2)
  9 black mambas
  A meliai (shapeshifter) (D:14)
  A torpor snail (Lair:2)
  2 gargoyles (D:11)
  8 cane toads
  A rime drake (Lair:1)
  An unseen horror (D:11)
  A dire elephant skeleton (Lair:5)
  A kobold demonologist (D:12)
  A freezing wraith (D:14)
  11 komodo dragons
  3 tyrant leeches
  An ice devil (D:8)
  A polar bear (Lair:2)
  9 trolls
  A bloated husk (Swamp:2)
  Prince Ribbit (D:7)
  4 blink frogs (Lair:5)
  3 dream sheep (Lair:3)
  2 hornets
  A spectral elephant (Lair:5)
  22 slime creatures
  A spectral black mamba (Lair:3)
  2 spriggans
  A shadow (D:13)
  4 fire elementals (D:8)
  42 yaks
  8 wraiths
  6 wyverns
  2 steam dragons
  A golden eye (shapeshifter) (D:15)
  2 basilisks
  4 wargs
  A death yak simulacrum (Lair:5)
  10 vampire mosquitoes
  4 nagas (Lair:3)
  2 acid dragons
  2 swamp worms
  A spectral cane toad (Lair:5)
  13 water moccasins
  7 ice beasts
  A spectral polar bear (Lair:3)
  2 elephant zombies (Lair:5)
  39 orc warriors
  2 black bears (D:6)
  2 laughing skulls (D:15)
  5 ogres
  15 centaurs
  3 phantoms
  A spectral rime drake (Lair:3)
  10 wolves
  2 elephant skeletons (Lair:5)
  12 bullfrogs
  2 kobold brigands
  A necrophage (D:7)
  A wyvern zombie (D:7)
  3 gnoll sergeants
  2 scorpions (D:5)
  9 wights
  2 elephant simulacra (Lair:5)
  10 killer bees
  An electric eel (D:7)
  9 howler monkeys
  A bullfrog zombie (D:7)
  A hound (D:6)
  A bombardier beetle (D:7)
  A human zombie (D:7)
  2 jellies (D:6)
  23 orc priests
  2 iguanas
  Natasha (twice) (D:2)
  28 orc wizards
  7 hell rats (Lair:4)
  3 killer bee zombies (D:7)
  A mummy (D:7)
  2 howler monkey zombies (D:7)
  Robin (D:3)
  26 gnolls
  5 adders
  A white imp (D:5)
  4 ufetubi (D:6)
  5 dart slugs
  A ribbon worm (D:3)
  71 orcs
  11 ball pythons
  2 bats
  6 endoplasms
  8 giant cockroaches
  15 goblins
  10 hobgoblins
  3 jackals (D:1)
  6 quokkas
  5 frilled lizards
  55 kobolds
  7 rats
754 creatures vanquished.

Vanquished Creatures (collateral kills)
  A fenstrider witch (Swamp:1)
  A bunyip (Swamp:1)
  A fire dragon (D:15)
  A vault guard (D:14)
  An ogre mage (D:15)
  A death knight (D:15)
  2 centaur warriors
  2 boulder beetles
  A two-headed ogre (D:15)
  4 alligators (Swamp:1)
  A spectral death yak (Lair:5)
  A skeletal warrior (D:13)
  A glowing orange brain (D:15)
  A spectral anaconda (Lair:5)
  2 orc knights
  3 necromancers (Lair:5)
  An obsidian statue (Lair:5)
  An oklob plant (Lair:5)
  A lindwurm (shapeshifter) (D:15)
  2 manticores (D:12)
  A deep elf pyromancer (D:8)
  7 ugly things
  A cyclops (D:11)
  An elephant (Lair:3)
  2 kobold blastminers (Orc:2)
  A rime drake (D:11)
  A komodo dragon (Lair:5)
  A troll (Orc:2)
  2 tyrant leeches
  A hornet (Swamp:1)
  2 slime creatures
  A wraith (D:11)
  A spriggan (Swamp:1)
  2 yaks
  A fire elemental (D:8)
  Menkaure (D:7)
  A spectral cane toad (Lair:5)
  A water moccasin (Lair:2)
  6 orc warriors
  An ice beast (D:11)
  A boggart (shapeshifter) (D:14)
  A laughing skull (D:14)
  3 ogres (D:15)
  A wolf (D:11)
  An elephant skeleton (Lair:5)
  2 lemures (D:7)
  A bullfrog (Lair:3)
  A wight (D:10)
  2 orc priests (D:4)
  Natasha (D:2)
  2 orc wizards
  11 orcs
91 creatures vanquished.

Vanquished Creatures (others)
  A vault guard (D:14)
  A centaur warrior (D:14)
  2 ugly things
  3 elephants (Lair:5)
  A rime drake (Lair:3)
  A troll (D:12)
  A slime creature (D:15)
  2 nagas (Lair:3)
  2 wolves (D:11)
  A gnoll (D:9)
  An orc (Orc:1)
  6 foxfires (Swamp:1)
22 creatures vanquished.

Grand Total: 867 creatures vanquished

Notes
Turn   | Place    | Note
-------+----------+-------------------------------------------
     0 | D:1      | Chiseanne the Demonspawn Wanderer began the quest for the
                  | Orb.
     0 | D:1      | Chiseanne set off with the following items: a +2
                  | quarterstaff, a +0 falchion, a +0 pair of boots, a potion
                  | of brilliance, a +0 leather armour.
     0 | D:1      | Reached XP level 1. HP: 13/13 MP: 2/2
   180 | D:1      | Gained mutation: A weak demonic guardian rushes to your
                  | aid. [demonic ancestry]
   180 | D:1      | Reached XP level 2. HP: 20/20 MP: 3/3
   315 | D:1      | Chiseanne: you have become just detrimental to the game
                  | developement. you are lazy, clueless butts
   323 | D:1      | Reached skill level 1 in Fighting
   470 | D:1      | Found Puiletsypn's Assorted Antiques.
   539 | D:1      | Gained mutation: You have a pair of small horns on your
                  | head. [demonic ancestry]
   539 | D:1      | Reached XP level 3. HP: 26/26 MP: 4/4
   755 | D:2      | Noticed Natasha
   765 | D:2      | Killed Natasha
   766 | D:2      | Reached skill level 2 in Fighting
   766 | D:2      | Gained mutation: You regenerate magic rapidly. [demonic
                  | ancestry]
   766 | D:2      | Reached XP level 4. HP: 16/33 MP: 5/5
   926 | D:2      | Noticed Natasha
   935 | D:2      | Killed Natasha
  1253 | D:2      | Noticed Natasha
  1260 | D:2      | Killed Natasha
  1261 | D:2      | Reached XP level 5. HP: 35/39 MP: 6/6
  1717 | D:3      | Reached skill level 3 in Fighting
  1992 | D:3      | Gained mutation: You have a pair of horns on your head.
                  | [demonic ancestry]
  1992 | D:3      | Reached XP level 6. HP: 47/47 MP: 7/7
  2644 | D:3      | Noticed Robin
  2658 | D:3      | Killed Robin
  3336 | D:4      | Reached skill level 4 in Fighting
  3336 | D:4      | Reached XP level 7. HP: 54/54 MP: 8/8
  3417 | D:4      | Reached skill level 5 in Armour
  4187 | D:5      | Entered Level 5 of the Dungeon
  4589 | D:5      | Found a staircase to the Ecumenical Temple.
  4607 | Temple   | Entered the Ecumenical Temple
  4620 | Temple   | Became a worshipper of Gozag Ym Sagoz the Greedy
  4728 | D:6      | Chiseanne: and because you are braindead idiots this
                  | dungeons are absolutely empty
  4735 | D:6      | Reached skill level 5 in Fighting
  4839 | D:6      | Reached XP level 8. HP: 40/62 MP: 9/9
  5088 | D:6      | Reached skill level 5 in Dodging
  5301 | D:6      | Reached skill level 6 in Fighting
  5909 | D:6      | HP: 3/63 [wight/+3 falchion of freezing (5)]
  5919 | D:6      | Chiseanne: and because you clueless shit don´t want people
                  | to win this you then "accidentally" get oneshot FUCK YOU
  6288 | D:7      | Noticed Menkaure
  6301 | D:7      | Killed Menkaure
  6302 | D:7      | Gained mutation: A demonic guardian rushes to your aid.
                  | [demonic ancestry]
  6302 | D:7      | Reached XP level 9. HP: 39/71 MP: 10/10
  6413 | D:7      | Identified the ring "Xaylauxi" {rF++ Will+ Slay+2}
  6448 | D:7      | Reached skill level 7 in Fighting
  6698 | D:7      | Noticed Pikel
  6791 | D:7      | Killed Pikel
  6792 | D:7      | Reached skill level 8 in Fighting
  7198 | D:7      | Noticed Prince Ribbit
  7220 | D:7      | Killed Prince Ribbit
  7332 | D:7      | Found an iron altar of Okawaru.
  7347 | D:7      | Found a bloodstained altar of Trog.
  7498 | D:7      | Gained mutation: When hurt, damage is shared between your
                  | health and your magic reserves. [demonic ancestry]
  7498 | D:7      | Reached XP level 10. HP: 76/81 MP: 11/11
  7523 | D:7      | Found a basalt altar of Yredelemnul.
  8353 | D:8      | Noticed a deep elf pyromancer
  8491 | D:8      | Killed a deep elf pyromancer
  8492 | D:8      | Reached skill level 9 in Fighting
  9588 | D:8      | Reached skill level 1 in Evocations
  9588 | D:8      | Reached XP level 11. HP: 31/89 MP: 6/16
  9842 | D:9      | Noticed a two-headed ogre
  9857 | D:9      | Killed a two-headed ogre
 10535 | D:9      | Found a staircase to the Orcish Mines.
 10676 | D:9      | Found a sacrificial altar of Ru.
 10971 | D:10     | Entered Level 10 of the Dungeon
 10992 | D:10     | Bought a polished chain mail for 304 gold pieces
 10992 | D:10     | Identified the +0 chain mail "Jaepee" {rN++ Regen+ rCorr
                  | Dex-3} (You bought it in a shop on level 10 of the Dungeon)
 10996 | D:10     | Bought a pair of runed boots for 240 gold pieces
 10996 | D:10     | Bought a pair of glowing boots for 240 gold pieces
 11047 | D:10     | Reached skill level 10 in Fighting
 11750 | D:11     | Noticed an orc knight
 11759 | D:11     | Noticed a deep elf pyromancer
 11762 | D:11     | Killed an orc knight
 11779 | D:11     | Killed a deep elf pyromancer
 11785 | D:11     | Reached skill level 10 in Armour
 11840 | D:11     | Noticed a two-headed ogre
 11850 | D:11     | Killed a two-headed ogre
 11993 | D:11     | Reached skill level 5 in Evocations
 11993 | D:11     | Gained mutation: When low on magic, you restore magic in
                  | place of health. [demonic ancestry]
 11993 | D:11     | Reached XP level 12. HP: 89/99 MP: 17/17
 12016 | D:11     | Identified the +0 leather armour of Skepticism {rF+ Str-2
                  | SInv Stlth+}
 12044 | D:11     | Found a staircase to the Lair.
 12108 | D:11     | Noticed Urug
 12127 | D:11     | Killed Urug
 12128 | D:11     | Reached skill level 10 in Dodging
 12476 | D:11     | Reached skill level 11 in Fighting
 12546 | D:11     | Noticed a boulder beetle
 12566 | D:11     | Killed a boulder beetle
 12994 | D:12     | Noticed a two-headed ogre
 13032 | D:12     | Killed a two-headed ogre
 13291 | D:12     | Found a runed translucent gate.
 13291 | D:12     | Found a runed translucent gate.
 13291 | D:12     | Found a runed translucent gate.
 13386 | D:10     | Bought a heavily runed ring mail for 288 gold pieces
 13386 | D:10     | Identified the +5 ring mail of the Lute {rC+ Stlth+} (You
                  | bought it in a shop on level 10 of the Dungeon)
 13418 | Orc:1    | Entered Level 1 of the Orcish Mines
 13534 | Orc:2    | Entered Level 2 of the Orcish Mines
 13534 | Orc:2    | Noticed Maurice
 13538 | Orc:2    | Noticed Rupert
 13673 | Orc:1    | Killed Rupert
 13723 | Orc:2    | Killed Maurice
 13816 | Orc:2    | Found Abar's Weapon Emporium.
 13862 | Orc:2    | Found an iron altar of Okawaru.
 13866 | Orc:2    | Noticed a centaur warrior
 13884 | Orc:2    | Killed a centaur warrior
 13892 | Orc:2    | Noticed a centaur warrior
 13911 | Orc:2    | Killed a centaur warrior
 13947 | Orc:2    | Gained mutation: You are partially covered in rugged brown
                  | scales. (AC +1, +3% HP) [demonic ancestry]
 13947 | Orc:2    | Reached XP level 13. HP: 44/110 MP: 18/18
 13957 | Orc:2    | Reached skill level 12 in Fighting
 14655 | Orc:2    | Found a staircase to the Elven Halls.
 14760 | Orc:2    | Found Saehoul's Weapon Shop.
 14760 | Orc:2    | Found Soasep's Magic Scroll Shoppe.
 14762 | Orc:2    | Found Suynaot's Jewellery Emporium.
 14764 | Orc:2    | Found Robbeta's Magic Scroll Boutique.
 14769 | Orc:2    | Bought a scroll of teleportation for 48 gold pieces
 14769 | Orc:2    | Bought 2 scrolls of teleportation for 96 gold pieces
 14769 | Orc:2    | Bought a scroll of blinking for 120 gold pieces
 14776 | Orc:2    | Bought 3 scrolls of teleportation for 153 gold pieces
 14776 | Orc:2    | Bought a scroll of teleportation for 51 gold pieces
 14776 | Orc:2    | Bought a scroll of revelation for 127 gold pieces
 15492 | Orc:2    | Chiseanne: of course...I never hit..because you assholes
                  | want it that way FUCK YOU
 16068 | Orc:2    | Upgraded the game from 0.31.0-11-ge490571c62 to
                  | 0.31.0-12-g77e489cdc1
 16187 | Lair:1   | Entered Level 1 of the Lair of Beasts
 17107 | Lair:2   | Reached skill level 13 in Fighting
 17491 | Lair:2   | Noticed Gastronok
 17515 | Lair:2   | Killed Gastronok
 18258 | Lair:3   | Gained mutation: You are mostly covered in rugged brown
                  | scales. (AC +2, +5% HP) [demonic ancestry]
 18258 | Lair:3   | Reached XP level 14. HP: 101/123 MP: 17/19
 18576 | D:1      | Bought a fuming yellow potion for 17 gold pieces
 18927 | D:12     | Found an opulent altar of Gozag.
 18927 | D:12     | Found Qacluesmed's Assorted Antiques.
 18927 | D:12     | Noticed lis82's ghost (journeyman DgIE)
 19596 | Lair:3   | Reached skill level 5 in Shields
 20075 | Lair:3   | Found a staircase to the Swamp.
 20363 | Lair:3   | Noticed Josephine
 20381 | Lair:3   | Killed Josephine
 20721 | Lair:3   | Found a staircase to the Snake Pit.
 20872 | Lair:3   | Noticed Nessos
 21182 | Lair:3   | Nessos changed into Nessos the dream sheep
 21182 | Lair:3   | Noticed Nessos
 21188 | Lair:3   | Killed Nessos the dream sheep
 21258 | D:11     | Bought a pair of runed boots for 187 gold pieces
 21386 | Orc:2    | Bought an amulet of the acrobat for 420 gold pieces
 22466 | Lair:5   | Entered Level 5 of the Lair of Beasts
 22828 | Lair:5   | Reached skill level 10 in Shields
 23293 | Lair:5   | Gained mutation: You have a pair of large horns on your
                  | head. [demonic ancestry]
 23293 | Lair:5   | Reached XP level 15. HP: 111/129 MP: 18/20
 23503 | Lair:5   | Identified the +9 mace of Might {freeze, *Corrode Dex+4}
 23608 | Lair:5   | Found a viscous altar of Jiyva.
 23609 | Lair:5   | Found a staircase to the Slime Pits.
 24753 | D:13     | Noticed Sonja
 24820 | D:13     | Killed Sonja
 25631 | D:14     | Found a gate to the Vaults.
 25760 | D:14     | Reached skill level 10 in Evocations
 26155 | D:15     | Entered Level 15 of the Dungeon
 26630 | D:15     | Found a staircase to the Depths.
 26654 | D:15     | Chiseanne: YESSSSSSS!!!!!
 26654 | D:15     | Chiseanne: I AM THE GREATEST!!!!!
 26654 | D:15     | Chiseanne: XD
 27787 | D:14     | Gained mutation: You are completely covered in rugged brown
                  | scales. (AC +3, +7% HP) [demonic ancestry]
 27787 | D:14     | Reached XP level 16. HP: 120/134 MP: 23/23
 27862 | D:11     | Bought a masterwork leather armour for 175 gold pieces
 27862 | D:11     | Identified the +7 leather armour "Vigotukk" {*Slow Str+2
                  | Slay+5} (You bought it in a shop on level 11 of the
                  | Dungeon)
 27941 | Swamp:1  | Entered Level 1 of the Swamp
 28533 | Lair:3   | Reached skill level 5 in Spellcasting
 29230 | Lair:3   | Reached skill level 14 in Fighting
 29690 | Swamp:1  | Noticed a thorn hunter
 29703 | Swamp:1  | Killed a thorn hunter
 30454 | Lair:3   | Chiseanne: that is just crap...again
 30454 | Lair:3   | Chiseanne: dumb ass developement
 30876 | Swamp:1  | Chiseanne: but hey..theres a reason behind me getting no
                  | weapon and my resistances fixed..may I dare say FUCKING
                  | ALGORYTHM SHIT
 30876 | Swamp:1  | Chiseanne: ?
 31198 | Swamp:1  | Chiseanne: D-I-S-G-U-S-T-I-N-G
 31520 | Swamp:1  | Chiseanne: absolute megabullshit
 31543 | Swamp:1  | Paralysed by a fenstrider witch for 4 turns
 31553 | Swamp:1  | Chiseanne: it´s just disgusting what you lazy bums deliver
 31555 | Swamp:1  | HP: 3/142 [spriggan druid/+0 quarterstaff (7)]
 31556 | Swamp:1  | Killed from afar by a spriggan druid

Illustrated notes

Levels and vault maps discovered:
D:1:      eino_arrival_druids_welcome, layout_basic, serial_shops,
          nicolae_lakefront_shop
D:2:      layout_loops_ring, uniq_natasha
D:3:      minmay_goblin_kobold_castle, layout_basic, portal_sewer_entry_e,
          kennysheep_generic_room_6, uniq_robin
D:4:      layout_basic, kennysheep_another_room, serial_bayou_crossing
D:5:      layout_rooms, minmay_temple_entry_proselytizer
D:6:      layout_basic
D:7:      minmay_spotlight, layout_cave_pools,
          lemuel_mausoleum_altar_yredelemnul,
          mainiacjoe_overflow_catch_the_wave, minmay_misc_feat_secret_circle,
          uniq_prince_ribbit1, uniq_menkaure, uniq_pikel
D:8:      layout_cave_pools, dilly_guarded_unrand_elemental_staff
D:9:      layout_rooms, nicolae_ru_sacrificial_ziggurat, david_orc_3
D:10:     layout_roguey
D:11:     minmay_the_grid_four_pointed_star_mashed
          [minmay_the_grid_triangle_9x9_semitri,
          minmay_the_grid_triangle_9x9_from_above,
          minmay_the_grid_triangle_9x9_longest,
          minmay_the_grid_triangle_9x9_stretched_checkered,
          minmay_the_grid_prize_trominoes], layout_gridville,
          hellmonk_lair_entry_icy, uniq_urug
D:12:     layout_basic, ebering_ghost_gozag, hangedman_decor_push
D:13:     layout_roguey, uniq_sonja
D:14:     layout_loops_ring, lightli_vaults_fourway_checkpoint,
          minmay_misc_feat_roman
D:15:     gammafunk_enter_depths_forms, layout_irregular_city,
          serial_co_window_serial, co_window_paths_a, co_window_corner_a,
          co_window_paths_b, co_window_paths_a, co_window_corner_a,
          co_window_corner_a, co_window_corner_a, co_window_unsneaky_path_a,
          co_window_of_opportunity_c, co_window_broadway_c, co_window_corner_b,
          co_window_4corner_a, co_window_4corner_b, glass_columns_a,
          glass_columns_a, glass_columns_b, glass_columns_a, glass_columns_b,
          chequers_jeans
Temple:   hc_temple_tempest_star
Lair:1:   layout_roguey, beast_lair_carwin_11
Lair:2:   layout_small_grid, grunt_megastairs_5, uniq_gastronok
Lair:3:   layout_gridlike, nicolae_swamp_entry_spooky,
          minmay_snake_entry_guardpost_large, hangedman_lair_generics_rect,
          uniq_josephine, uniq_nessos
Lair:4:   layout_regular_city
Lair:5:   due_jungle_book, layout_gridlike, minmay_slime_entry_oklob_open
Swamp:1:  layout_basic_swamp, evilmike_swamp_ruin_house_4
Swamp:2:  gammafunk_sealed_arena, layout_basic_swamp, hangedman_swamp_ruin_wall,
          nicolae_swamp_tree_isthmus
Orc:1:    layout_diamond_mine, special_room [special_room_orc]
Orc:2:    st_orc_rangers, layout_caves, serial_shops, shop,
          okawaru_metal_pillars_3, uniq_rupert, uniq_maurice

Skill      XL: |  1  2  3  4  5  6  7  8  9 10 11 12 13 14 15 16 |
---------------+-------------------------------------------------+-----
Fighting       | 1 2 3 4 5 6 8 9 10 11 13 14 | 14.3
Armour         | 3 4 5 6 8 9 10 11 12 13 | 13.5
Dodging        | 2 3 4 6 7 8 9 11 12 13 | 13.2
Spellcasting   | 3 4 5 |  5.9
Evocations     | 1 5 7 9 10 | 10.0
Shields        | 2 10 12 | 12.1
Long Blades    | |  1.0
Staves         | |  2.6
Stealth        | |  1.0

Action                     |  1- 3 |  4- 6 |  7- 9 | 10-12 | 13-15 | 16-18 || total
---------------------------+-------+-------+-------+-------+-------+-------++-------
  Melee: Quarterstaff      |    74 |   300 |   275 |   169 |       |       ||   818
         Headbutt          |     2 |    40 |    47 |   200 |   608 |    67 ||   964
         Staff             |       |       |       |   108 |       |     9 ||   117
         Flail             |       |       |       |   535 |  1531 |     8 ||  2074
         Punch             |       |       |       |     9 |     5 |       ||    14
         Spear             |       |       |       |    10 |       |       ||    10
         Double sword      |       |       |       |       |   387 |   205 ||   592
  Throw: Stone             |       |     5 |       |       |       |       ||     5
         Boomerang         |       |       |     8 |       |       |       ||     8
         Dart              |       |       |       |     6 |    13 |       ||    19
 Invoke: Call Merchant     |       |       |       |     2 |     3 |       ||     5
  Evoke: Wand              |       |       |     7 |     8 |    51 |     9 ||    75
         Sack of spiders   |       |       |       |       |     2 |     1 ||     3
         Phial of floods   |       |       |       |       |     1 |       ||     1
    Use: Scroll            |     3 |     2 |     8 |    18 |     9 |     3 ||    43
         Potion            |       |       |     1 |     8 |     2 |     7 ||    18
   Stab: Sleeping          |     1 |       |       |       |       |       ||     1
         Distracted        |       |       |     1 |     2 |     6 |     1 ||    10
         Invisible         |       |       |       |     1 |       |     2 ||     3
 Armour: Leather armour    |     6 |       |       |       |       |       ||     6
         Ring mail         |    35 |    22 |       |    67 |       |       ||   124
         Scale mail        |       |   234 |   204 |   209 |       |       ||   647
         Skin              |       |       |    10 |       |       |       ||    10
         Chain mail        |       |       |       |   507 |  1960 |   410 ||  2877
  Dodge: Dodged            |    35 |   200 |   285 |   929 |  2042 |   445 ||  3936
  Block: Buckler           |       |       |       |       |   541 |   182 ||   723
